 Dungeon Crawl Stone Soup version 0.30.1-11-g7821555f0a (webtiles) character file.

Game seed: 18419012730286539940

20 porpoise the Shooter (level 2, 0/24 HPs)
             Began as a Barachi Hunter on Dec 31, 2023.
             Slain by a quokka (3 damage)
             ... on level 2 of the Dungeon.
             The game lasted 00:02:29 (869 turns).

porpoise the Shooter (Barachi Hunter)                Turns: 869, Time: 00:02:29

Health: 0/24       AC:  3    Str: 12    XL:     2   Next: 79%
Magic:  2/2        EV: 12    Int:  9    God:
Gold:   24         SH:  0    Dex: 15    Spells: 1/1 levels left

rFire   . . .        a - +0 shortbow
rCold   . . .        (shield currently unavailable)
rNeg    . . .        c - +0 leather armour
rPois   .            (no helmet)
rElec   .            (no cloak)
rCorr   .            (no gloves)
SInv    .            (no boots)
Will    .....        (no amulet)
Stlth   +            (no ring)
HPRegen 0.24/turn    (no ring)
MPRegen 0.08/turn

%: no passive effects
@: slow
A: amphibious, slowness 1, strong legs 1, +LOS
a: Hop


You were on level 2 of the Dungeon.
You visited 1 branch of the dungeon, and saw 2 of its levels.

You collected 24 gold pieces.

Inventory:

Hand Weapons
 a - a +0 shortbow (weapon)
 b - a +0 short sword of venom
Armour
 c - a +0 leather armour (worn)
Scrolls
 f - a scroll of teleportation {unknown}
 g - a scroll of identify {unknown}
 h - a scroll of immolation
Potions
 d - a potion of attraction {unknown}
 e - a potion of magic {unknown}


   Skills:
 + Level 3.0 Fighting
 * Level 4.5 Ranged Weapons
 - Level 2.1 Dodging
 - Level 0.8 Stealth


You had one spell level left.
You didn't know any spells.
Your spell library was empty.

Dungeon Overview and Level Annotations

Branches:
Dungeon (2/15)

Altars:


Innate Abilities, Weirdness & Mutations

You are amphibious.
You cover ground slowly.
You can hop short distances.
You have an extended range of vision and can be seen from far away.


Message History

There are monsters nearby!
You shoot an arrow. The arrow hits the rat!
You kill the rat!
Your Fighting skill increases to level 3!
You shoot an arrow.
The arrow hits the kobold but does no damage.
The kobold throws a stone.
The stone hits you.
You shoot an arrow. The arrow misses the quokka.
A hobgoblin comes into view.
The kobold throws a stone.
The stone misses you.
You shoot an arrow. The arrow misses the quokka.
The hobgoblin shouts!
The quokka barely misses you. The kobold hits you but does no damage.
The quokka bites you.
You shoot an arrow. The arrow closely misses the quokka.
The quokka bites you but does no damage.
The kobold barely misses you.
You shoot an arrow. The arrow closely misses the quokka.
The quokka misses you. The kobold barely misses you.
The quokka closely misses you.
You shoot an arrow. The arrow closely misses the quokka.
The hobgoblin hits you. The kobold hits you with a +0 club.
The quokka misses you. The hobgoblin hits you.
The kobold hits you with a +0 club.
You shoot an arrow. The arrow barely misses the quokka.
The quokka closely misses you. The quokka barely misses you.
The hobgoblin hits you but does no damage.
The kobold hits you with a +0 club.
You shoot an arrow. The arrow hits the quokka.
The quokka is moderately wounded.
The quokka bites you but does no damage.
The hobgoblin barely misses you. The kobold barely misses you.
You shoot an arrow. The arrow misses the quokka.
The quokka bites you. The hobgoblin misses you.
The kobold hits you with a +0 club. The quokka bites you.
* * * LOW HITPOINT WARNING * * *
You are too injured to fight recklessly!
The hobgoblin closely misses you. The kobold hits you with a +0 club.
* * * LOW HITPOINT WARNING * * *
The quokka bites you.
You die...

#####
##†..##
#⌠.@g⌠#
#...rK..#
#.>.⌠.....#
#.......###
##⌠.<.⌠##
##$..##
#####


You could see a quokka, a hobgoblin and a kobold.

Vanquished Creatures
  4 bats (D:1)
  2 endoplasms (D:1)
  A giant cockroach (D:1)
  2 hobgoblins (D:1)
  A quokka (D:1)
  2 ball pythons (D:1)
  2 frilled lizards (D:1)
  A kobold (D:1)
  5 rats
20 creatures vanquished.

Notes
Turn   | Place    | Note
-------+----------+-------------------------------------------
     0 | D:1      | porpoise the Barachi Hunter began the quest for the Orb.
     0 | D:1      | Reached XP level 1. HP: 17/17 MP: 1/1
   163 | D:1      | Reached XP level 2. HP: 23/23 MP: 2/2
   869 | D:2      | Slain by a quokka

Illustrated notes

Levels and vault maps discovered:
D:1:      dpeg_arrival_signposts, layout_basic,
          nicolae_concentric_dashed_squares_wild
D:2:      layout_loops_ring, serial_shops, nicolae_shop_window_shopping,
          chequers_garden, dk_noncrumbling_3, grunt_ministairs_7

Skill      XL: |  1  2 |
---------------+-------+-----
Fighting       | 3 |  3.0
Ranged Weapons | |  4.5
Dodging        | |  2.1
Stealth        | |  0.8

Action                     || total
---------------------------++-------
   Fire: Shortbow          ||    47
 Armour: Leather armour    ||    12
  Dodge: Dodged            ||    22
